 Dungeon Crawl Stone Soup version 0.29-a0-920-g5d2155ec51 (webtiles) character file.

Game seed: 11010595927418705666

863 Malachi the Carver (level 7, -1/53 HPs)
             Began as a Demigod Gladiator on July 27, 2022.
             Slain by an orc
             ... wielding a +0 short sword
              (5 damage)
             ... on level 5 of the Dungeon.
             The game lasted 00:05:49 (5318 turns).

Malachi the Carver (Demigod Gladiator)              Turns: 5318, Time: 00:05:50

Health: -1/53      AC:  8    Str: 15    XL:     7   Next: 43%
Magic:  9/9        EV: 16    Int: 10    God:
Gold:   238        SH:  0    Dex: 23    Spells: 6/6 levels left

rFire   . . .      SeeInvis .   a - +1 long sword
rCold   + . .      Faith    .   (no shield)
rNeg    . . .      Spirit   .   l - +0 ring mail
rPois   .          Reflect  .   c - +1 helmet
rElec   .          Harm     .   (no cloak)
rCorr   .          Rampage  .   (no gloves)
Will    .....                   q - +0 pair of boots
Stlth   +.........              (no amulet)
HPRegen 0.17/turn               i - ring of protection from cold
MPRegen 0.11/turn               s - +4 ring of evasion

@: no status effects
A: high MP 1, forlorn, divine attributes
a: no special abilities


You were on level 5 of the Dungeon.
You visited 1 branch of the dungeon, and saw 5 of its levels.

You collected 238 gold pieces.

Inventory:

Hand Weapons
 a - a +1 long sword (weapon)
 h - a +0 dagger of venom
Missiles
 d - 2 throwing nets (quivered)
 e - a javelin
 f - 5 poisoned darts
Armour
 c - a +1 helmet (worn)
 l - a +0 ring mail (worn)
 p - a +0 chain mail
 q - a +0 pair of boots (worn)
Jewellery
 i - a ring of protection from cold (left hand)
 s - a +4 ring of evasion (right hand)
 t - an amulet of reflection
Wands
 u - a wand of charming (5)
 v - a wand of mindburst (1)
Scrolls
 b - 2 scrolls of immolation
 k - 6 scrolls of teleportation
Potions
 g - 4 potions of attraction
 j - 2 potions of curing
 m - a potion of might
 n - a potion of cancellation {unknown}
 o - a potion of flight {unknown}
 r - 2 potions of mutation {unknown}


   Skills:
 - Level 1.7 Fighting
 + Level 8.5 Long Blades
 - Level 1.7 Throwing
 - Level 2.6 Dodging


You had 6 spell levels left.
You didn't know any spells.
Your spell library was empty.

Dungeon Overview and Level Annotations

Branches:
Dungeon (5/15)
 Temple: D:4-7

Shops:
D:2 *


Innate Abilities, Weirdness & Mutations

You have an increased reservoir of magic. (+10% MP)
You shall have no god before yourself.
Your divine heritage dramatically boosts your attributes as you level up.


Message History

The jackal closely misses you.
You closely miss the jackal.
The jackal is heavily wounded.
The jackal barely misses you.
An ogre comes into view. It is wielding a +0 giant club.
You completely miss the jackal.
The jackal is heavily wounded.
The jackal bites you but does no damage.
The jackal closely misses you.
You slash the jackal!
You kill the jackal!
The ogre hits you with a +0 giant club!!
You hit the ogre.
The ogre is lightly wounded.
The ogre misses you.
You barely miss the ogre.
The ogre is lightly wounded.
The orc drinks a potion.
The orc seems to grow stronger.
You slash the ogre!
The ogre is heavily wounded.
The ogre hits you with a +0 giant club!!
* * * LOW HITPOINT WARNING * * *
You are too injured to fight recklessly!
You are too injured to fight recklessly!
You are too injured to fight recklessly!
You are too injured to fight recklessly!
You are too injured to fight recklessly!
You are too injured to fight recklessly!
You are too injured to fight recklessly!
You are too injured to fight recklessly!
You are too injured to fight recklessly!
You are too injured to fight recklessly!
You are too injured to fight recklessly!
You are too injured to fight recklessly!
You are too injured to fight recklessly!
Unknown command.
The ogre attacks as you move away! The ogre hits you with a +0 giant club!
* * * LOW HITPOINT WARNING * * *
The orc attacks as you move away! The orc hits you with a +0 short sword.
You die...

#.#.# .#.. .#.
######)## .#.... ...
... # #[# # #.#hl.
... .. .. #.# .#....
.. .##. #.# # #l#
##.###... .# ###.# ..
......##...#.# #...##
#...###..<#.# #.##..
#.Oo......#.# #.##.#
#.#@####..#.# #.##.#
#.#.##....#.# #.##.#
#.#.##....#.# #.##.#
#.#.........###.##.#
#.#................#
.............########
#######...#### #...#
#####


You could see an ogre and an orc (strong).

Vanquished Creatures
  A black bear (D:4)
  An ogre (D:5)
  A scorpion (D:3)
  2 howler monkeys
  A hound (D:4)
  2 orc priests
  Ijyb (D:5)
  Jessica (D:2)
  6 iguanas
  3 orc wizards
  Terence (D:2)
  5 adders
  5 worms
  A dart slug (D:4)
  10 orcs
  9 endoplasms
  4 giant cockroaches
  6 goblins
  3 hobgoblins (D:1)
  10 jackals
  10 kobolds
  A quokka (D:5)
  5 ball pythons
  4 bats
  3 frilled lizards
  8 rats
104 creatures vanquished.

Vanquished Creatures (others)
  12 plants (D:2)
12 creatures vanquished.

Grand Total: 116 creatures vanquished

Notes
Turn   | Place    | Note
-------+----------+-------------------------------------------
     0 | D:1      | Malachi the Demigod Gladiator began the quest for the Orb.
     0 | D:1      | Reached XP level 1. HP: 17/17 MP: 3/3
    64 | D:1      | Reached skill level 3 in Long Blades
   256 | D:1      | Reached XP level 2. HP: 24/24 MP: 4/4
   469 | D:1      | You fall into a shaft and drop 1 floor!
   615 | D:2      | Found Muxteg's General Store.
  1017 | D:1      | Reached XP level 3. HP: 29/29 MP: 5/5
  1048 | D:1      | Reached skill level 4 in Long Blades
  1605 | D:2      | Noticed Terence
  1609 | D:2      | Noticed Jessica
  1613 | D:2      | Killed Terence
  1628 | D:2      | Killed Jessica
  1629 | D:2      | Reached XP level 4. HP: 5/36 MP: 6/6
  2189 | D:3      | Reached skill level 5 in Long Blades
  2344 | D:3      | Reached XP level 5. HP: 36/41 MP: 7/7
  2679 | D:3      | Reached skill level 6 in Long Blades
  3567 | D:4      | Reached XP level 6. HP: 43/48 MP: 8/8
  3985 | D:4      | Reached skill level 7 in Long Blades
  4411 | D:5      | Entered Level 5 of the Dungeon
  4648 | D:5      | Reached XP level 7. HP: 53/53 MP: 9/9
  4699 | D:5      | Noticed Ijyb
  4713 | D:5      | Killed Ijyb
  4801 | D:5      | Reached skill level 8 in Long Blades
  4920 | D:5      | HP: 2/53 [orc priest/divine providence (14)]
  5318 | D:5      | Slain by an orc

Illustrated notes

Levels and vault maps discovered:
D:1:      roderic_chinese_lattice_arrival, layout_loops_ring
D:2:      layout_rooms, serial_shops, nicolae_diamond_shop,
          dilly_ecumenical_altar_fadedgnrine, uniq_terence, uniq_jessica
D:3:      layout_basic
D:4:      layout_basic, kennysheep_another_room
D:5:      layout_loops_ring, minmay_temple_entry_butterflies,
          serial_bayou_pond_d, minmay_strange_pillars, nrook_mini_backslash,
          serial_bayou_pond_b, minmay_chambers_of_fives, uniq_ijyb

Skill      XL: |  1  2  3  4  5  6  7 |
---------------+----------------------+-----
Long Blades    | 3 4 5 6 7 8 |  8.5
Fighting       | |  1.7
Throwing       | |  1.7
Dodging        | |  2.6

Action                   |  1- 3 |  4- 6 |  7- 9 || total
-------------------------+-------+-------+-------++-------
Melee: Long sword        |    86 |   196 |    70 ||   352
       Punch             |     1 |     1 |     1 ||     3
Throw: Throwing net      |       |     1 |       ||     1
  Use: Potion            |     1 |     3 |     2 ||     6
       Scroll            |       |     8 |       ||     8
 Stab: Sleeping          |     1 |       |       ||     1
       Held in net/web   |       |     2 |       ||     2
Armor: Leather armour    |    24 |       |       ||    24
       Ring mail         |     5 |    86 |     7 ||    98
Dodge: Dodged            |    55 |   137 |    50 ||   242

Table legend: (Time is in decaauts)
 A = Elapsed time spent in this place.
 B = Non-inter-level travel time spent in this place.
 C = Inter-level travel time spent in this place.
 D = Time resting spent in this place.
 E = Time spent auto-exploring this place.
 F = Levels seen in this place.
 G = Mean time per level.
                   A        B        C        D        E       F      G
               +--------+--------+--------+--------+--------+-----+--------+
         Total |   5359 |   5194 |    165 |   1048 |   3272 |   5 | 1071.8 |
       Dungeon |   5359 |   5194 |    165 |   1048 |   3272 |   5 | 1071.8 |
               +--------+--------+--------+--------+--------+-----+--------+

Top non-repeatable levels by time:
     D:4: 1518 daAuts
     D:1: 1213 daAuts
     D:2: 995 daAuts
     D:3: 930 daAuts
     D:5: 702 daAuts
